 Dungeon Crawl Stone Soup version 0.20.0-15-g7f486f2 (webtiles) character file.

387 ANON1729 the Destroyer (level 6, -2/32 HPs)
             Began as a Tengu Conjurer on June 28, 2017.
             Slain by a hound (5 damage)
             ... on level 4 of the Dungeon.
             The game lasted 00:16:52 (3997 turns).

ANON1729 the Destroyer (Tengu Conjurer)             Turns: 3997, Time: 00:16:52

Health: -2/32      AC:  3    Str:  8    XL:     6   Next: 78%
Magic:  4/13       EV: 13    Int: 21    God:
Gold:   153        SH:  0    Dex: 15    Spells: 11/14 levels left

rFire    . . .     SeeInvis .   g - +0 short sword
rCold    . . .     Gourm    .   (no shield)
rNeg     . . .     Faith    .   a - +0 robe
rPois    .         Spirit   .   (helmet restricted)
rElec    .         Reflect  .   p - +0 cloak
rCorr    .         Harm     .   (no gloves)
MR       .....                  (boots unavailable)
Stlth    ++........             (no amulet)
Regen    0.1/turn               i - +4 ring of intelligence
MPRegen  0.2/turn               (no ring)

@: very slightly contaminated
A: beak, talons 3, able to fly 1
a: Fly


You were on level 4 of the Dungeon.
You were not hungry.

You visited 1 branch of the dungeon, and saw 4 of its levels.

You collected 153 gold pieces.

Inventory:

Hand Weapons
 g - a +0 short sword (weapon)
 k - a +0 club
 o - a +3 quarterstaff of chaos
Armour
 a - a +0 robe (worn)
 p - a +0 cloak (worn)
Jewellery
 i - a +4 ring of intelligence (left hand)
Wands
 s - a wand of iceblast (10/15)
Scrolls
 d - 3 scrolls of identify
 e - 2 scrolls of remove curse
 h - a scroll of magic mapping
 q - a scroll of fog {unknown}
 r - a scroll of recharging {unknown}
 u - a scroll of random uselessness {unknown}
 w - 2 scrolls of immolation
 y - a scroll of enchant weapon {unknown}
 C - a scroll of teleportation {unknown}
Potions
 n - 2 potions of lignification {unknown}
 t - 2 potions of agility {unknown}
 v - 2 potions of ambrosia {unknown}
 z - 2 potions of berserk rage {unknown}
Books
 b - a book of Conjurations

   Spells                             Type                      Level
   a - Magic Dart                     Conjuration                  1
   b - Searing Ray                    Conjuration                  2
   c - Dazzling Spray                 Conjuration/Hexes            3
   d - Fulminant Prism                Conjuration/Hexes            4
   e - Force Lance                    Conjuration/Translocation    4
   f - Iskenderun's Mystic Blast      Conjuration                  4
 x - a book of Callings

   Spells                             Type                      Level
   a - Summon Small Mammal            Summoning                    1
   b - Call Imp                       Summoning                    2
   c - Call Canine Familiar           Summoning                    3
   d - Summon Guardian Golem          Hexes/Summoning              3
   e - Summon Lightning Spire         Summoning/Air                4
   f - Summon Ice Beast               Ice/Summoning                4
Comestibles
 c - 4 bread rations
 l - a meat ration
 m - 2 royal jellies
 A - 2 chunks of flesh
 B - 5 fruits


   Skills:
 - Level 2.3 Dodging
 - Level 2.0 Stealth
 + Level 4.5 Spellcasting
 + Level 8.3 Conjurations


You had 11 spell levels left.
You knew the following spells:

 Your Spells              Type           Power        Failure   Level  Hunger
a - Magic Dart            Conj           ####         1%          1    None
b - Searing Ray           Conj           #####.       1%          2    #......


Dungeon Overview and Level Annotations

Branches:
Dungeon (4/15)
 Temple: D:4-7

Altars:
Nemelex Xobeh
The Shining One

Annotations:
D:4 Eustachio


Innate Abilities, Weirdness & Mutations

You have a beak for a mouth.
You have claws for feet.
You can fly.


Message History

Eustachio blinks!
Casting: Searing Ray
Confirm with . or Enter, or press ? or * to list all spells.
Aiming: Searing Ray
Press: ? - help, Shift-Dir - straight line, f - bat
Aim: a bat (summoned)
The searing ray misses the bat. (Press . to maintain the ray.)
The bat closely misses you. x2
The searing ray misses the quokka.
The quokka bites you.
* * * LOW HITPOINT WARNING * * *
The searing ray hits the quokka.
You kill the quokka!
The quokka's corpse disappears in a puff of smoke!
The bat barely misses you.
The searing ray hits the bat.
You kill the bat!
The bat's corpse disappears in a puff of smoke!
You finish channeling your searing ray.
The hound bites you.
You die...

...## ... ##.######...#
..## #.#. #.#....# #...#
(## #...# #.#..#.# #...#
. ..⌠..##'#..#.# #...#
#.......# # #...#
#.....### ....
..S8#..?.+ .:.
#...@######### .
#...5h@.......
###########...S#########
....S..S..'....+
....#######....# .?..
#....# .... #....# ....
#....# .... ###### ....


You could see Eustachio (inner flame), a hound (inner flame), an adder (inner
flame) and a shadow imp.

Vanquished Creatures
  2 phantoms
  Crazy Yiuf (D:2)
  An orc wizard (D:4)
  Ijyb (D:3)
  6 adders
  2 oozes
  2 worms
  A dart slug (D:2)
  A leopard gecko (D:2)
  4 orcs
  4 giant cockroaches
  7 goblins
  6 hobgoblins
  4 jackals
  2 ball pythons
  4 bats
  3 frilled lizards
  8 kobolds
  7 rats
66 creatures vanquished.

Notes
Turn   | Place    | Note
-------+----------+-------------------------------------------
     0 | D:1      | ANON1729 the Tengu Conjurer began the quest for the Orb.
     0 | D:1      | Reached XP level 1. HP: 10/10 MP: 4/4
   284 | D:1      | Reached XP level 2. HP: 15/15 MP: 3/6
   315 | D:1      | Learned a level 2 spell: Searing Ray
   788 | D:2      | Reached skill level 6 in Conjurations
   791 | D:2      | Reached XP level 3. HP: 7/19 MP: 0/7
  1051 | D:2      | Found a glowing golden altar of the Shining One.
  1437 | D:2      | Reached XP level 4. HP: 24/24 MP: 0/9
  1686 | D:2      | Found a sparkling altar of Nemelex Xobeh.
  2032 | D:2      | Found a runed door.
  2036 | D:2      | Noticed Crazy Yiuf
  2039 | D:2      | Killed Crazy Yiuf
  2184 | D:3      | Noticed Ijyb
  2190 | D:3      | Killed Ijyb
  2190 | D:3      | Reached skill level 7 in Conjurations
  2190 | D:3      | Gained mutation: You can fly. [Tengu growth]
  2190 | D:3      | Reached XP level 5. HP: 26/28 MP: 2/10
  2800 | D:3      | Noticed a phantom
  2824 | D:3      | Killed a phantom
  2824 | D:3      | Reached XP level 6. HP: 11/32 MP: 0/13
  3551 | D:4      | Noticed a phantom
  3561 | D:4      | Killed a phantom
  3561 | D:4      | Reached skill level 8 in Conjurations
  3884 | D:4      | Noticed Eustachio
  3997 | D:4      | Slain by a hound

Skill      XL: |  1  2  3  4  5  6 |
---------------+-------------------+-----
Conjurations   | 6 7 8 |  8.3
Spellcasting   | 3 4 |  4.5
Dodging        | |  2.3
Stealth        | |  2.0

Action                   |  1- 3 |  4- 6 || total
-------------------------+-------+-------++-------
Melee: Club              |     5 |       ||     5
       Kick              |     2 |     4 ||     6
       Unarmed           |     1 |       ||     1
       Short sword       |       |    16 ||    16
       Peck              |       |     3 ||     3
 Cast: Magic Dart        |    54 |    65 ||   119
       Searing Ray       |     1 |    11 ||    12
  Use: Scroll            |       |     4 ||     4
       Potion            |       |     2 ||     2
  Eat: Chunk             |     2 |     8 ||    10
Armor: Robe              |       |     7 ||     7
Dodge: Dodged            |    17 |    23 ||    40
